 Dungeon Crawl Stone Soup version 0.29.0-4-gdea44cf6ec (webtiles) character file.

Game seed: 7553624734208674267

82 qw the Chopper (level 4, -4/35 HPs)
             Began as a Demonspawn Cinder Acolyte on Sept 9, 2022.
             Was a High Priest of Ignis.
             Killed by nerve-wracking pain
             ... invoked by Grinder
              (7 damage)
             ... on level 3 of the Dungeon.
             The game lasted 00:00:50 (3389 turns).

qw the Chopper (Demonspawn Cinder Acolyte)          Turns: 3389, Time: 00:00:50

Health: -4/35      AC: 10    Str: 16    XL:     4   Next: 21%
Magic:  0/5        EV: 11    Int: 16    God:    Ignis [*****.]
Gold:   114        SH:  0    Dex:  8    Spells: 5/5 levels left

rFire   + . .      SeeInvis .   Y - -1 hand axe (flame)
rCold   . . .      Faith    .   (no shield)
rNeg    . . .      Spirit   +   f - +0 leather armour
rPois   .          Reflect  .   (no helmet)
rElec   .          Harm     .   (no cloak)
rCorr   .          Rampage  .   (no gloves)
Will    .....                   (no boots)
Stlth   +.........              j - amulet of guardian spirit
HPRegen 0.11/turn               (no ring)
MPRegen 0.09/turn               (no ring)

@: about to teleport, fiery-armoured
A: demonic touch 1
a: Renounce Religion, Fiery Armour, Foxfire Swarm, Rising Flame


You were on level 3 of the Dungeon.
You worshipped Ignis.
Ignis was extremely pleased with you.
You visited 1 branch of the dungeon, and saw 3 of its levels.

You collected 114 gold pieces.


Innate Abilities, Weirdness & Mutations

Your touch may inflict minor irresistible damage on your foes.


   Skills:
 - Level 3.0 Fighting
 + Level 4.4 Axes
 - Level 1.0 Dodging
 - Level 1.0 Spellcasting
 - Level 2.6 Fire Magic


You had 5 spell levels left.
You didn't know any spells.
Your spell library contained the following spells:

 Spells                   Type           Power      Damage    Failure   Level
 Scorch                   Fire           18%        2d6       14%         2

Inventory:

Hand Weapons
 Y - a -1 hand axe of flaming (weapon)
Armour
 f - a +0 leather armour (worn)
Jewellery
 j - an amulet of guardian spirit (around neck)
Scrolls
 a - 2 scrolls of teleportation
 c - a scroll of enchant weapon {unknown}
 l - a scroll of identify
Potions
 b - a potion of magic {unknown}
 e - a potion of haste
 g - 2 potions of might
 h - a potion of curing {unknown}
 i - a potion of invisibility {unknown}
 n - a potion of lignification {unknown}

Dungeon Overview and Level Annotations

Branches:
Dungeon (3/15)

Altars:

Shops:
D:1 =

Annotations:
D:2 1 runed translucent door, Crazy Yiuf
D:3 Grinder


Message History

Grinder closely misses you.
You barely miss Grinder. You punch Grinder, but do no damage.
Grinder is heavily wounded.
Grinder completely misses you.
You hit Grinder but do no damage.
Grinder is heavily wounded.
Grinder hits you.
You writhe in agony.
You closely miss Grinder. Your touch misses Grinder.
Grinder is heavily wounded.
Grinder hits you but does no damage.
You barely miss Grinder.
Grinder is heavily wounded.
Grinder says, "Don't move a muscle."
Grinder blinks!
You start resting.
Grinder is nearby!
A worm comes into view.
You barely miss Grinder.
Grinder is heavily wounded.
Grinder hits you.
You writhe in agony.
You hit Grinder. You burn Grinder.
Grinder is severely wounded.
Grinder hits you.
You writhe in agony.
3386 ||| INVOKING Fiery Armour.
A protective cloak of flame settles atop you.
Grinder hits you.
You writhe in agony.
Grinder is burned by your cloak of flames.
Grinder is severely wounded.
3387 ||| READING 3 scrolls of teleportation.
As you read the scroll of teleportation, it crumbles to dust.
You feel strangely unstable. Grinder barely misses you.
You hit Grinder but do no damage. Your touch misses Grinder.
Grinder is severely wounded.
Grinder misses you.
You slash Grinder! You burn Grinder.
Grinder is almost dead.
Grinder gestures at you. Pain shoots through your body!
You die...

#.....# ##..(.##
#......... #.....#
##......... #.....#
#..........
#####..#######......[...
............. ...w....
#####........ .....#
............. #5..#
#...#......#####@########
.......###..............#
######## #######.#.....##
#####.#.#####
#######.......#
###.......###.###
##...####### #.# #..###
#.# ###%## ##.#


You could see Grinder and a worm.

Vanquished Creatures
  2 adders
  2 dart slugs
  A worm (D:2)
  An orc (D:3)
  3 ball pythons
  5 bats
  5 endoplasms (D:3)
  4 giant cockroaches (D:1)
  4 goblins
  5 hobgoblins
  9 jackals
  6 kobolds
  A quokka (D:1)
  2 rats (D:2)
50 creatures vanquished.

Notes
Turn   | Place    | Note
-------+----------+-------------------------------------------
     0 | D:1      | qw the Demonspawn Cinder Acolyte began the quest for the
                  | Orb.
     0 | D:1      | Reached XP level 1. HP: 18/18 MP: 2/2
     0 | D:1      | 0 ||| qw: Version: 0.1-a-113-g051387a
     0 | D:1      | 0 ||| qw: Game counter: 6985
     0 | D:1      | 0 ||| qw: Always use a shield: true
     0 | D:1      | 0 ||| qw: God list: Okawaru
     0 | D:1      | 0 ||| qw: Allow faded altars: false
     0 | D:1      | 0 ||| qw: Do Orc after D:15 true
     0 | D:1      | 0 ||| qw: Do second Lair branch before Depths: true
     0 | D:1      | 0 ||| qw: Lair rune preference: random
     0 | D:1      | 0 ||| qw: Plans: Normal
     0 | D:1      | 0 ||| PLANNING D:1-11
   102 | D:1      | 102 ||| INVOKING Fiery Armour.
   273 | D:1      | 273 ||| INVOKING Fiery Armour.
   275 | D:1      | Reached skill level 3 in Axes
   307 | D:1      | Gained mutation: Your touch may inflict minor irresistible
                  | damage on your foes. [demonic ancestry]
   307 | D:1      | Reached XP level 2. HP: 11/24 MP: 3/3
   489 | D:1      | Found Eggeceuw's Jewellery Boutique.
   947 | D:1      | 947 ||| Stepping ~*~*~tactically~*~*~ (stealth).
   960 | D:1      | 960 ||| Stepping ~*~*~tactically~*~*~ (stealth).
  1027 | D:1      | 1027 ||| Stepping ~*~*~tactically~*~*~ (stealth).
  1249 | D:1      | 1249 ||| SHOPLISTING +4 ring of protection (468 gold, have
                  | 15).
  1249 | D:1      | 1249 ||| SHOPLISTING +6 ring of dexterity (468 gold, have
                  | 15).
  1249 | D:1      | 1249 ||| SHOPLISTING amulet of guardian spirit (390 gold,
                  | have 15).
  1249 | D:1      | 1249 ||| SHOPLISTING amulet of reflection (390 gold, have
                  | 15).
  1249 | D:1      | 1249 ||| SHOPLISTING ring of poison resistance (260 gold,
                  | have 15).
  1249 | D:1      | 1249 ||| SHOPLISTING ring of protection from fire (325
                  | gold, have 15).
  1249 | D:1      | 1249 ||| SHOPLISTING ring of resist corrosion (260 gold,
                  | have 15).
  1249 | D:1      | 1249 ||| SHOPLISTING ring of see invisible (195 gold, have
                  | 15).
  1301 | D:1      | Found a faded altar of an unknown god.
  1328 | D:1      | 1328 ||| UPGRADING to +0 leather armour.
  1338 | D:1      | 1338 ||| DROPPING +0 robe.
  1339 | D:1      | 1339 ||| READING 2 scrolls labelled VIHAUJ ETAPT.
  1343 | D:1      | 1343 ||| READING scroll labelled PEWEDA CAOSS.
  1444 | D:1      | 1444 ||| DRINKING 2 fizzy dark potions.
  1549 | D:1      | 1549 ||| DRINKING 2 white potions.
  1550 | D:1      | 1550 ||| DRINKING 3 grey potions.
  1551 | D:1      | 1551 ||| DROPPING potion of berserk rage.
  1633 | D:2      | Reached skill level 4 in Axes
  1633 | D:2      | Reached XP level 3. HP: 25/29 MP: 4/4
  2255 | D:2      | 2255 ||| Stepping ~*~*~tactically~*~*~ (hiding).
  2261 | D:2      | Reached skill level 1 in Dodging
  2478 | D:2      | Found a runed translucent door.
  2479 | D:2      | Noticed Crazy Yiuf
  2798 | D:2      | 2798 ||| UPGRADING to amulet of guardian spirit.
  2803 | D:2      | 2803 ||| DROPPING ring of flight.
  2804 | D:2      | 2804 ||| DROPPING ring of wizardry.
  2805 | D:2      | 2805 ||| READING scroll labelled FIXZUN VEKEVA.
  2806 | D:2      | 2806 ||| READING scroll labelled POROAST CIOBI.
  2807 | D:2      | 2807 ||| READING 2 scrolls labelled XUEMAE TAMU.
  2878 | D:3      | 2878 ||| Stepping ~*~*~tactically~*~*~ (stealth).
  2993 | D:3      | 2993 ||| FLEEEEING.
  2999 | D:3      | 2999 ||| Stepping ~*~*~tactically~*~*~ (hiding).
  3032 | D:3      | Reached XP level 4. HP: 35/35 MP: 5/5
  3124 | D:3      | 3124 ||| Stepping ~*~*~tactically~*~*~ (hiding).
  3126 | D:3      | 3126 ||| Stepping ~*~*~tactically~*~*~ (hiding).
  3253 | D:3      | 3253 ||| Stepping ~*~*~tactically~*~*~ (stealth).
  3254 | D:3      | 3254 ||| Stepping ~*~*~tactically~*~*~ (stealth).
  3255 | D:3      | 3255 ||| Stepping ~*~*~tactically~*~*~ (stealth).
  3356 | D:3      | Noticed Grinder
  3357 | D:3      | 3357 ||| Stepping ~*~*~tactically~*~*~ (hiding).
  3358 | D:3      | 3358 ||| Stepping ~*~*~tactically~*~*~ (hiding).
  3366 | D:3      | 3366 ||| Stepping ~*~*~tactically~*~*~ (hiding).
  3386 | D:3      | 3386 ||| INVOKING Fiery Armour.
  3386 | D:3      | HP: 4/35 [Grinder (6)]
  3387 | D:3      | 3387 ||| READING 3 scrolls of teleportation.
  3389 | D:3      | Killed from afar by Grinder

Levels and vault maps discovered:
D:1:      dpeg_arrival_pits, layout_loops_ring, serial_shops,
          nicolae_shop_window_shopping, shapermc_ecumenical_altar_mp_vishouse
D:2:      layout_loops_corners, minmay_fountain_box, uniq_crazy_yiuf_cottage
D:3:      layout_rooms, glass_columns_b, minmay_misc_feat_more_columns,
          goddamned_bats, uniq_grinder

Skill      XL: |  1  2  3 |
---------------+----------+-----
Axes           | 3 4 |  4.4
Dodging        | 1 |  1.0
Fighting       | |  3.0
Spellcasting   | |  1.0
Fire Magic     | |  2.6

Action                   |  1- 3 |  4- 6 || total
-------------------------+-------+-------++-------
Melee: Hand axe          |    99 |    40 ||   139
       Touch             |    12 |     2 ||    14
       Punch             |       |     1 ||     1
Invok: Fiery Armour      |     2 |     1 ||     3
  Use: Potion            |     3 |       ||     3
       Scroll            |     5 |     1 ||     6
Armor: Robe              |    15 |       ||    15
       Leather armour    |    10 |    15 ||    25
Dodge: Dodged            |    55 |    27 ||    82

Table legend:
 A = Non-vault XP
 B = Vault XP
 C = Vault XP percentage of total XP
 D = Non-vault monster count
 E = Vault monster count
 F = Vault count percentage of total count
                 A         B        C        D         E       F
            +---------+---------+-------+---------+---------+-------
      Total |     118 |       0 |   0.0 |      50 |       0 |   0.0
            +---------+---------+-------+---------+---------+-------
        D:1 |      38 |       0 |   0.0 |      19 |       0 |   0.0
        D:2 |      36 |       0 |   0.0 |      13 |       0 |   0.0
        D:3 |      44 |       0 |   0.0 |      18 |       0 |   0.0
            +---------+---------+-------+---------+---------+-------
